 Dungeon Sprint DCSS version 0.30-a0-58-gc0703345a7 (webtiles) character file.

Game seed: 6010192890399994359

6605 mhtbhm the Earth Mage (level 11, -6/57 HPs)
             Began as a Gargoyle Earth Elementalist on Sept 11, 2022.
             Was the Champion of Vehumet.
             Mangled by a freezing wraith (15 damage)
             ... in the Dungeon (Sprint VII: "The Pits").
             The game lasted 00:07:26 (2160 turns).

mhtbhm the Earth Mage (Gargoyle Earth Elementalist) Turns: 2160, Time: 00:07:27

Health: -6/57      AC: 11    Str: 12    XL:     11   Next: 2%
Magic:  14/30      EV: 13    Int: 20    God:    Vehumet [******]
Gold:   0          SH:  0    Dex: 10    Spells: 19/40 levels left

rFire   . . .      SeeInvis .    k - +4 flail (protect)
rCold   . . .      Faith    .    (no shield)
rNeg    + . .      Spirit   .    a - +0 robe
rPois   ∞          Reflect  .    r - +0 helmet
rElec   +          Harm     .    (no cloak)
rCorr   .          Rampage  .    (no gloves)
Will    .....      NoTele   +    (no boots)
Stlth   +++.......               (no amulet)
HPRegen 0.19/turn                (no ring)
MPRegen 0.22/turn                (no ring)

@: slowed, very slow
A: sickness immunity, AC +8, negative energy resistance 1, electricity
resistance, torment resistance 1, petrification resistance
a: Renounce Religion


You were in the Dungeon.
You worshipped Vehumet.
Vehumet was exalted by your worship.
You visited 1 branch

Inventory:

Hand Weapons
 k - a +4 flail of protection (weapon)
Armour
 a - a +0 robe (worn)
 r - a +0 helmet (worn)
Jewellery
 m - a +3 ring of dexterity
 n - a +3 ring of protection
Wands
 g - a wand of flame (10)
Scrolls
 i - 5 scrolls of amnesia
 j - a scroll of summoning
Potions
 b - 3 potions of magic
 c - 8 potions of curing
 d - 10 potions of heal wounds
 e - a potion of haste
 f - 3 potions of berserk rage
 h - 2 potions of invisibility
 l - a potion of lignification {unknown}
 o - 2 potions of brilliance
 p - 2 potions of might
 q - a potion of mutation


   Skills:
 + Level 1.7 Fighting
 + Level 2.0 Maces & Flails
 + Level 4.7 Dodging
 + Level 5.6 Stealth
 + Level 15.4 Spellcasting
 + Level 6.4 Conjurations
 + Level 1.8 Transmutations
 + Level 3.2 Fire Magic
 + Level 0.6 Air Magic
 + Level 19.9 Earth Magic


You had 19 spell levels left.
You knew the following spells:

 Your Spells              Type           Power      Damage    Failure   Level
a - Sandblast             Erth           100%       2d20      0%          1
b - Passwall              Tmut/Erth      46%        N/A       1%          2
c - Stone Arrow           Conj/Erth      100%       3d13      1%          3
d - Petrify               Tmut/Erth      56%        N/A       1%          4
e - Static Discharge      Conj/Air       58%        3-7/arc   1%          2
f - Flame Wave            Conj/Fire      34%        2d10      1%          4
g - Lee's Rapid Deconstr  Erth           38%        3d20*     1%          5

Your spell library contained the following spells:

 Spells                   Type           Power      Damage    Failure   Level
 Yara's Violent Unravell  Hex/Tmut       9%         3d6       19%         5


Dungeon Overview and Level Annotations

Branches:
Dungeon (1/1)

Altars:
Ashenzari
Cheibriados
Dithmenos
Elyvilon
Fedhas
Gozag
Hepliaklqana
Kikubaaqudgha
Makhleb
Nemelex Xobeh
Okawaru
Qazlal
Ru
Sif Muna
Trog
Uskayaw
Vehumet
Wu Jian
Xom
Yredelemnul
Zin
The Shining One
Jiyva
Lugonu


Innate Abilities, Weirdness & Mutations

You are immune to sickness and miasma.
Your stone body is resilient. (AC +8)
You are immune to poison.
You resist negative energy. (rN+)
You are resistant to electric shocks. (rElec)
You are resistant to unholy torment.
You are immune to petrification.


Message History

Unknown command.
Casting: Lee's Rapid Deconstruction (safe; 1% risk of failure)
Confirm with . or Enter, or press ? or * to list all spells.
Aiming: Lee's Rapid Deconstruction (safe; 1% risk of failure)
Press: ? - help, Dir - move target A metal wall.
Okay, then.
Casting: Lee's Rapid Deconstruction (safe; 1% risk of failure)
Confirm with . or Enter, or press ? or * to list all spells.
Okay, then.
Casting: Lee's Rapid Deconstruction (safe; 1% risk of failure)
Confirm with . or Enter, or press ? or * to list all spells.
Casting: Flame Wave (dangerous; 1% risk of failure)
Press: ? - help, Dir - look around, f - activate A wave of flame ripples out!
The flame wave engulfs the freezing wraith but does no damage.
The freezing wraith is moderately damaged. (Press . to intensify the flame waves.)
The freezing wraith barely misses you.
The freezing wraith hits you but does no damage.
A wave of flame ripples out!
The flame wave engulfs the freezing wraith.
The freezing wraith is moderately damaged.
The flame wave engulfs something but does no damage.
The freezing wraith hits you but does no damage.
The freezing wraith hits you. The freezing wraith drains your vigour!
You feel yourself slow down.
A wave of flame ripples out!
The flame wave engulfs the freezing wraith!
The freezing wraith is burned terribly!
The freezing wraith is heavily damaged.
The flame wave engulfs something but does no damage.
The flame wave engulfs the dream sheep!
The dream sheep is heavily wounded.
The freezing wraith hits you! The freezing wraith freezes you!
* * * LOW HITPOINT WARNING * * *
The freezing wraith barely misses you. The freezing wraith hits you!
* * * LOW HITPOINT WARNING * * *
The freezing wraith freezes you!
You die...

........# #''######
#''##### ###########
#......# #.).......#
#......# #.......
##....## ####..†# ##
##)'## ###..+...+ #..#
##....###..).##'## Y.V#
#......#....##.)@##Y...#
#......'...))....W'Y...+
#......#....##...##....#
##....###....##†## ...#
##''## ###..')).+ #..#
#.)÷.# ####...### ##
#......# #.......#
#......# #.........#
######## ###########


You could see a freezing wraith and a dream sheep (wandering).

Vanquished Creatures
  A deep elf pyromancer (D)
  An orc sorcerer (D)
  A deep elf zephyrmancer (D)
  A molten gargoyle (D)
  Psyche (D)
  A rime drake (D)
  A demonic crawler (D)
  A red devil (D)
  A tyrant leech (D)
  A tarantella (D)
  4 blink frogs (D)
  4 dream sheep (D)
  A jumping spider (D)
  2 fire bats (D)
  2 small abominations (D)
  A basilisk (D)
  2 redbacks (D)
  A steam dragon (D)
  Duvessa (D)
  2 floating eyes (D)
  An ice beast (D)
  A black bear (D)
  A centaur (D)
  A phantom (D)
  Dowan (D)
  3 wights (D)
  An orc priest (D)
  2 orc wizards (D)
  2 mummies (D)
  A gnoll (D)
  A river rat (D)
  An adder skeleton (D)
  A worm (D)
  2 orcs (D)
  2 bats (D)
  A giant cockroach (D)
  A goblin (D)
  2 jackals (D)
  2 quokkas (D)
  A ball python skeleton (D)
  A giant cockroach zombie (D)
  A rat (D)
60 creatures vanquished.

Notes
Turn   | Place    | Note
-------+----------+-------------------------------------------
     0 | D        | mhtbhm the Gargoyle Earth Elementalist began the quest for
                  | the Orb.
     0 | D        | Reached XP level 1. HP: 10/10 MP: 3/3
    10 | D        | Reached skill level 4 in Earth Magic
    50 | D        | Found a bloodstained altar of Trog.
    50 | D        | Found a shimmering blue altar of Sif Muna.
    50 | D        | Found a viscous altar of Jiyva.
    50 | D        | Found a hazy altar of Hepliaklqana.
    50 | D        | Found an opulent altar of Gozag.
    51 | D        | Found a glowing golden altar of the Shining One.
    51 | D        | Found a glowing silver altar of Zin.
    51 | D        | Found a basalt altar of Yredelemnul.
    51 | D        | Found a shimmering altar of Xom.
    51 | D        | Found an ornate altar of the Wu Jian Council.
    51 | D        | Found a sacrificial altar of Ru.
    51 | D        | Found a stormy altar of Qazlal.
    51 | D        | Found an iron altar of Okawaru.
    51 | D        | Found a sparkling altar of Nemelex Xobeh.
    51 | D        | Found a burning altar of Makhleb.
    51 | D        | Found a blossoming altar of Fedhas.
    51 | D        | Found a white marble altar of Elyvilon.
    51 | D        | Found a shadowy altar of Dithmenos.
    51 | D        | Found a snail-covered altar of Cheibriados.
    53 | D        | Found a radiant altar of Vehumet.
    53 | D        | Found a corrupted altar of Lugonu.
    54 | D        | Found a hide-covered altar of Uskayaw.
    54 | D        | Found an ancient bone altar of Kikubaaqudgha.
    54 | D        | Found a broken altar of Ashenzari.
    61 | D        | Became a worshipper of Vehumet
    95 | D        | Reached skill level 5 in Earth Magic
    95 | D        | Reached XP level 2. HP: 11/15 MP: 1/6
   274 | D        | Learned a level 2 spell: Passwall
   275 | D        | Noticed a floating eye
   277 | D        | Killed a floating eye
   277 | D        | Reached * piety under Vehumet
   277 | D        | Offered knowledge of Freeze by Vehumet.
   278 | D        | Reached skill level 5 in Spellcasting
   278 | D        | Reached skill level 1 in Transmutations
   278 | D        | Reached skill level 8 in Earth Magic
   278 | D        | Reached XP level 3. HP: 19/19 MP: 5/9
   278 | D        | Reached XP level 4. HP: 24/24 MP: 6/11
   282 | D        | Learned a level 3 spell: Stone Arrow
   287 | D        | Learned a level 4 spell: Petrify
   346 | D        | Reached ** piety under Vehumet
   349 | D        | Reached skill level 9 in Earth Magic
   349 | D        | Reached XP level 5. HP: 28/28 MP: 8/12
   375 | D        | Noticed Duvessa
   375 | D        | Noticed Dowan
   382 | D        | Killed Duvessa
   383 | D        | Reached skill level 1 in Conjurations
   383 | D        | Reached skill level 10 in Earth Magic
   385 | D        | Reached XP level 6. HP: 27/32 MP: 7/15
   398 | D        | Killed Dowan
   398 | D        | Reached *** piety under Vehumet
   399 | D        | Reached skill level 11 in Earth Magic
   574 | D        | Offered knowledge of Static Discharge by Vehumet.
   579 | D        | Reached skill level 12 in Earth Magic
   754 | D        | Learned a level 2 spell: Static Discharge
   756 | D        | Offered knowledge of Poisonous Vapours by Vehumet.
   757 | D        | Reached **** piety under Vehumet
   790 | D        | Noticed a black bear
   799 | D        | Killed a black bear
   800 | D        | Reached XP level 7. HP: 20/36 MP: 5/19
   905 | D        | Offered knowledge of Flame Wave by Vehumet.
   911 | D        | Learned a level 4 spell: Flame Wave
   933 | D        | Noticed a fire bat
   935 | D        | Killed a fire bat
   935 | D        | Offered knowledge of Lee's Rapid Deconstruction by Vehumet.
   935 | D        | Reached ***** piety under Vehumet
   936 | D        | Reached skill level 13 in Earth Magic
  1007 | D        | Learned a level 5 spell: Lee's Rapid Deconstruction
  1009 | D        | Noticed a demonic crawler
  1012 | D        | Killed a demonic crawler
  1012 | D        | Offered knowledge of Conjure Ball Lightning by Vehumet.
  1013 | D        | Reached skill level 1 in Maces & Flails
  1013 | D        | Reached skill level 5 in Conjurations
  1013 | D        | Reached XP level 8. HP: 33/42 MP: 8/21
  1190 | D        | Reached skill level 1 in Fighting
  1190 | D        | Reached skill level 10 in Spellcasting
  1197 | D        | Noticed a jumping spider
  1240 | D        | Killed a jumping spider
  1241 | D        | Reached skill level 14 in Earth Magic
  1252 | D        | Reached skill level 1 in Fire Magic
  1359 | D        | Found the +8 demon blade "Leech" {vamp, Harm Drain rN+}
  1472 | D        | Noticed a deep elf pyromancer
  1476 | D        | Killed a deep elf pyromancer
  1476 | D        | Offered knowledge of Olgreb's Toxic Radiance by Vehumet.
  1477 | D        | Reached skill level 5 in Stealth
  1477 | D        | Reached skill level 15 in Earth Magic
  1477 | D        | Reached XP level 9. HP: 26/48 MP: 9/24
  1616 | D        | Noticed a rime drake
  1616 | D        | Noticed a red devil
  1619 | D        | Killed a red devil
  1621 | D        | Killed a rime drake
  1622 | D        | Reached skill level 16 in Earth Magic
  1836 | D        | Noticed Psyche
  1837 | D        | Offered knowledge of Fireball by Vehumet.
  1839 | D        | Killed Psyche
  1840 | D        | Reached skill level 17 in Earth Magic
  1918 | D        | Noticed an orc sorcerer
  1920 | D        | Reached XP level 10. HP: 53/53 MP: 22/27
  1922 | D        | Killed an orc sorcerer
  2001 | D        | Offered knowledge of Iron Shot by Vehumet.
  2002 | D        | Reached skill level 18 in Earth Magic
  2096 | D        | Noticed a molten gargoyle
  2097 | D        | Reached ****** piety under Vehumet
  2098 | D        | Reached skill level 19 in Earth Magic
  2098 | D        | Killed a molten gargoyle
  2152 | D        | Noticed a vampire mage
  2152 | D        | Noticed a deep elf zephyrmancer
  2154 | D        | Offered knowledge of Yara's Violent Unravelling by Vehumet.
  2155 | D        | Reached skill level 15 in Spellcasting
  2156 | D        | Killed a deep elf zephyrmancer
  2158 | D        | Reached XP level 11. HP: 50/57 MP: 19/30
  2160 | D        | Mangled by a freezing wraith

Illustrated notes

Levels and vault maps discovered:
D:        pitsprint [storerooms_1, entrance_room_1, metal_vault_2, armoury_2,
          mini_pit_1, grid_room_1, main_hall_1, silver_pit, the_coven_3,
          the_vestibule_1, steel_vault_2, golden_pit, hallway_of_sentries,
          crystal_vault_5, iron_vault_4, final_vault]

Skill      XL: |  1  2  3  4  5  6  7  8  9 10 |
---------------+-------------------------------+-----
Earth Magic    | 5 8 9 10 12 13 15 17 19 | 19.9
Dodging        | 2 3 4 |  4.7
Spellcasting   | 3 5 6 8 9 11 13 15 | 15.4
Stealth        | 3 4 5 |  5.6
Transmutations | 1 |  1.8
Conjurations   | 1 3 5 6 |  6.4
Maces & Flails | 1 2 |  2.0
Fighting       | 1 |  1.7
Fire Magic     | 1 3 |  3.2
Air Magic      | |  0.6

Action                   |  1- 3 |  4- 6 |  7- 9 | 10-12 || total
-------------------------+-------+-------+-------+-------++-------
Melee: Flail             |       |       |     1 |       ||     1
 Cast: Sandblast         |     9 |    10 |     5 |       ||    24
       Stone Arrow       |       |    15 |     3 |     1 ||    19
       Petrify           |       |     1 |     1 |       ||     2
       Lee's Rapid Decon |       |       |    17 |    15 ||    32
       Flame Wave        |       |       |     2 |     2 ||     4
       Static Discharge  |       |       |     1 |       ||     1
  Use: Potion            |     1 |     1 |       |       ||     2
       Scroll            |       |     1 |       |       ||     1
Armor: Robe              |       |     2 |     2 |     3 ||     7
Dodge: Dodged            |     5 |    11 |    10 |     3 ||    29

Table legend: (Time is in decaauts)
 A = Elapsed time spent in this place.
 B = Non-inter-level travel time spent in this place.
 C = Inter-level travel time spent in this place.
 D = Time resting spent in this place.
 E = Time spent auto-exploring this place.
 F = Levels seen in this place.
 G = Mean time per level.
                   A        B        C        D        E       F      G
               +--------+--------+--------+--------+--------+-----+--------+
         Total |   2171 |   2171 |      0 |   1629 |     32 |   1 | 2171.0 |
       Dungeon |   2171 |   2171 |      0 |   1629 |     32 |   1 | 2171.0 |
               +--------+--------+--------+--------+--------+-----+--------+

Top non-repeatable levels by time:
       D: 2171 daAuts
